Unix NetHack Version 3.7.0-86 Work-in-progress - last build May 30 2023 01:50:43 (cc98dc9aa62a9957b082a042edf5bd7ec9f632c7,branch:master). Game began 2023-06-08 08:11:18, ended 2023-06-08 08:54:42. nmlkj, chaotic male human Wizard --------- ---- |..|....... ---- |...| -.....{...| ---...--- - -----..-- |...| ...|.....-- ..| ..| --.......-- |.|... ..)......-----|| ----|--.| ------ .......| .--.........---------.--|-- -..............| |.| |(((.|-...|...-|.......G...|.%..........[)[----....{.....----- |.| |(.(.-...-|....--..........|-..-----|---|-.).............-. ------.| |(((.|-...---........|....-|.....- |..|--..|.........-- -.......| ------|....|...|..--.|...---..|...- |..|-...|-...---.-- |...----- ---....------|.|-..|...---... ------.)..--------|--- |...| |.......- |..|.|----......... |...|........| |....| --..| |....{... |..|.| ---..... |...---......- |%%]%| --..--+--------..--....... |..-.|--- --.-- |..........|..| ------ |................- ......- ---|.|..| |.| |.....|....|..----- -+--........--.-.....-+-- |.|..| # |.| ##............).[)|.---- ---..-+---..--....| |.-...##.......0##.---- ---|..[...)..|-- |.-- |.. ... .--.-. |%.`.`| ---- ----.....-|.-- -.- -.- 0 ###0 |.._..| |..|---------.|.)..|@@- . .. ###0 |.....| |..--.........|---..)..| --- --- ------- --.......----- ---..<| -------- --- Nmlkj the Thaumaturge St:11 Dx:16 Co:14 In:16 Wi:12 Ch:9 Chaotic S:1965 Dlvl:6 $:79 HP:0(51) Pw:67(67) AC:-1 Xp:6/404 T:3785 Burdened Latest messages: The watchman thrusts his dagger. The watchman hits! You miss the watchman. It misses the watchman. The watchman thrusts his dagger. The watchman misses! It misses the watchman. The watchman thrusts his dagger. The watchman hits! You hear crashing rock. It misses the watchman. The watchman thrusts his dagger. The watchman hits! You see here a forked polearm. The large cat picks up a forked polearm. The watch captain wields a long sword! The watch captain swings her long sword. The watch captain hits! The watch captain swings her long sword. The watch captain hits again! The large cat bites it. It thrusts its dagger at the large cat. It misses the large cat. The large cat misses it. What do you want to read? As you read the scroll, it disappears. You materialize in a different location! There are several objects here. You hear crashing rock. You hear crashing rock. The large cat drops an arrow. The large cat picks up a +0 studded leather armor. The large cat drops a +0 studded leather armor. You hear some noises. The large cat picks up a +0 studded leather armor. You stop searching. You hit the watch captain! The watch captain swings her long sword. The watch captain just misses! The watch captain swings her long sword. The watch captain hits! You hit the watch captain. The watch captain swings her long sword. The watch captain hits! The watch captain swings her long sword. The watch captain hits again! You miss the watch captain. The watch captain swings her long sword. The watch captain hits! You die... Inventory: $ - 79 gold pieces e - an uncursed ring of poison resistance d - an uncursed ring of regeneration G - a wand of digging (0:7) c - a wand of secret door detection (0:13) B - a wand of striking named striking (0:3) v - an uncursed potion of booze h - an uncursed potion of sleeping J - 2 uncursed scrolls of confuse monster H - a cursed food ration q - an uncursed lichen corpse z - an uncursed skeleton key x - an uncursed tallow candle A - 5 cursed tallow candles g - an uncursed tin whistle E - a blessed wax candle a - a blessed +1 quarterstaff (weapon in hands) f - an uncursed +0 dwarvish iron helm (being worn) b - an uncursed +0 cloak of magic resistance (being worn) p - a blessed +1 plate mail named PseudoDragon (being worn) Nmlkj the Wizard's attributes: Background: You were a Thaumaturge, a level 6 male human Wizard. You were chaotic, on a mission for Anhur who was opposed by Ptah (lawful) and Thoth (neutral). You were in the Gnomish Mines, on level 6. You entered the dungeon 3785 turns ago. You had 404 experience points, 236 more were needed to attain level 7. Your score was 1965 before end-of-game adjustments. Basics: You had 0 out of 51 hit points. You had all 67 energy points (spell power). Your armor class was -1. Your wallet contained 79 zorkmids. Autopickup was on for '$' plus thrown. Final Characteristics: Your strength was 11 (limit:18/100). Your dexterity was 16 (limit:18). Your constitution was 14 (limit:18). Your intelligence was 16 (limit:18). Your wisdom was 12 (limit:18). Your charisma was 9 (limit:18). Final Status: You were not hungry. You were burdened; movement was slightly slowed. You were wielding a quarterstaff. You had basic skill with quarterstaff and could have enhanced that. Final Attributes: You were piously aligned. You were magic-protected. You were guarded. You are dead. Miscellaneous: You disabled loading of bones levels. Total elapsed playing time was 43 minutes and 24 seconds. Major events: Turn 1: nmlkj the chaotic male human Wizard entered the dungeon 1012: entered the Gnomish Mines 1024: attained the rank of Conjurer (level 3) 2728: reached Mine Town 3092: attained the rank of Thaumaturge (level 6) 3785: killed by a watch captain Vanquished creatures: 2 small mimics 3 watchmen an orc shaman a rock mole a shrieker 2 violet fungi 8 gnome leaders 2 gnomish wizards 2 kobold mummies 2 ghouls a giant ant 10 dwarves a rothe 3 dwarf zombies a wererat a werejackal 2 iguanas 3 hobbits a hobgoblin a giant rat 2 yellow molds 33 gnomes a gnome zombie 4 geckos 12 jackals 3 sewer rats 2 grid bugs 3 lichens 8 newts 116 creatures vanquished. No species were genocided or became extinct. Voluntary challenges: You read items or engraved 6 times. You engraved Elbereth 1 time. You never genocided any monsters. You never polymorphed an object. You used no wishes. Achievements: You entered the Gnomish Mines. You attained the rank of Conjurer. You entered Minetown. You entered a shop. You entered a temple. You attained the rank of Thaumaturge. The Dungeons of Doom: levels 1 to 3 Level 1: Level 2: Stairs down to The Gnomish Mines. Level 3: The Gnomish Mines: levels 3 to 6 Level 3: Level 4: Level 5: Level 6: <- You were here. Some shops, a temple to Anhur, many fountains. Final resting place for you, killed by a watch captain. Game over: ---------- / \ / REST \ / IN \ / PEACE \ / \ | nmlkj | | 79 Au | | killed by a | | watch captain | | | | | | 2023 | *| * * * | * _________)/\\_//(\/(/\)/\//\/|_)_______ Goodbye nmlkj the Wizard... You died in The Gnomish Mines on dungeon level 6 with 1958 points, and 79 pieces of gold, after 3785 moves. You were level 6 with a maximum of 51 hit points when you died.